 Dungeon Crawl Stone Soup version 0.19-a0-475-gfca3800 (webtiles) character file.

45963 namelastname112 the Black Sun (level 14, 0/84 HPs)
             Began as a Tengu Necromancer on June 4, 2016.
             Was a High Priest of Kikubaaqudgha.
             Slain by a death knight
             ... wielding a +4 battleaxe
              (27 damage)
             ... on level 15 of the Dungeon.
             The game lasted 01:01:31 (20074 turns).

namelastname112 the Black Sun (Tengu Necromancer)  Turns: 20074, Time: 01:01:32

Health: 0/84       AC: 14    Str: 10    XL:     14   Next: 35%
Magic:  5/27       EV: 22    Int: 17    God:    Kikubaaqudgha [*****.]
Gold:   1044       SH:  3    Dex: 17    Spells: 9 memorised, 0 levels left

rFire  . . .     SeeInvis .     z - +1 falchion (pain)
rCold  . . .     Gourm    .     F - +0 troll leather armour
rNeg   . . .     Faith    .     (no shield)
rPois  .         Spirit   .     Q - +1 hat {MR+}
rElec  .         Dismiss  .     L - +0 cloak
rCorr  .         Reflect  +     K - +0 pair of gloves
SustAt .         Harm     .     (boots unavailable)
MR     +....                    Z - +3 amulet of reflection
Stlth  ++........               E - +5 ring of protection
                                v - ring of wizardry

@: vulnerable, flying quickly and evasively, quick, somewhat resistant to
hostile enchantments, unstealthy
A: beak, talons 3, able to fly 2
a: Stop Flying, Receive Corpses, Torment, Renounce Religion


You were on level 15 of the Dungeon.
You worshipped Kikubaaqudgha.
Kikubaaqudgha was extremely pleased with you.
You were near starving.

You visited 2 branches of the dungeon, and saw 16 of its levels.
You also visited: Sewer.

You collected 1150 gold pieces.
You spent 106 gold pieces at shops.

Inventory:

Hand Weapons
 z - a +1 falchion of pain (weapon)
 M - the +8 whip "Viosi" {venom, rC+ MP+9 Str+3}
   (You found it on level 7 of the Dungeon)

   It poisons the flesh of those it strikes.
   It affects your strength (+3).
   It protects you from cold.
   It affects your magic capacity (+9).
 T - a +0 dagger of venom
Missiles
 H - 2 throwing nets (quivered)
Armour
 m - a cursed +0 buckler
 F - a +0 troll leather armour (worn)
 K - a +0 pair of gloves (worn)
 L - a +0 cloak (worn)
 Q - a +1 hat of magic resistance (worn)
Jewellery
 v - a ring of wizardry (left hand)
 A - an uncursed ring of fire
 C - an uncursed ring of protection from cold
 E - a +5 ring of protection (right hand)
 Y - an uncursed ring of positive energy
 Z - a +3 amulet of reflection (around neck)
Wands
 e - a wand of disintegration (9/24)
 w - a wand of digging (24/24)
 I - a wand of iceblast (0/15)
 P - a wand of lightning (0/15)
 R - a wand of disintegration (17/24)
 V - a wand of iceblast (4/15)
 W - a wand of lightning (13/15)
Scrolls
 g - a scroll of blinking
 h - 4 scrolls of teleportation
 n - a scroll of amnesia
 q - a scroll of enchant armour
 r - 3 scrolls of fear
 s - 8 scrolls of remove curse
 x - 2 scrolls of enchant weapon
Potions
 d - a potion of cure mutation
 f - a potion of lignification
 i - a potion of resistance
 j - a potion of ambrosia
 k - 3 potions of flight {unknown}
 l - 2 potions of curing
 p - 4 potions of invisibility
 B - 3 potions of agility
 D - a potion of cancellation {unknown}
 G - 3 potions of magic
 J - a potion of berserk rage
 O - a potion of might
Books
 a - a book of Death

   Spells                             Type                      Level
   a - Corpse Rot                     Necromancy                   2
   b - Sublimation of Blood           Necromancy                   2
   c - Agony                          Necromancy                   5
   d - Dispel Undead                  Necromancy                   5
   e - Excruciating Wounds            Charms/Necromancy            5
   f - Bolt of Draining               Conjuration/Necromancy       5
 b - a book of Necromancy

   Spells                             Type                      Level
   a - Pain                           Necromancy                   1
   b - Animate Skeleton               Necromancy                   1
   c - Vampiric Draining              Necromancy                   3
   d - Regeneration                   Charms/Necromancy            3
   e - Animate Dead                   Necromancy                   4
   f - Control Undead                 Necromancy                   4
 y - Kikubaaqudgha's Incunabulum of Black Rites
   (Kikubaaqudgha gifted it to you on level 9 of the Dungeon)

   Spells                             Type                      Level
   a - Animate Skeleton               Necromancy                   1
   b - Corpse Rot                     Necromancy                   2
   c - Sublimation of Blood           Necromancy                   2
   d - Regeneration                   Charms/Necromancy            3
   e - Control Undead                 Necromancy                   4
 U - Kikubaaqudgha's Volume of Black Magic
   (Kikubaaqudgha gifted it to you on level 12 of the Dungeon)

   Spells                             Type                      Level
   a - Animate Dead                   Necromancy                   4
   b - Excruciating Wounds            Charms/Necromancy            5
   c - Cigotuvi's Embrace             Necromancy                   5
   d - Dispel Undead                  Necromancy                   5
   e - Simulacrum                     Ice/Necromancy               6
 X - a Young Poisoner's Handbook

   Spells                             Type                      Level
   a - Sting                          Conjuration/Poison           1
   b - Cure Poison                    Poison                       2
   c - Mephitic Cloud                 Conjuration/Poison/Air       3
   d - Olgreb's Toxic Radiance        Poison                       4
   e - Venom Bolt                     Conjuration/Poison           5
Miscellaneous
 S - a phantom mirror
Comestibles
 c - 9 bread rations
 o - 7 royal jellies
 t - 27 fruits
 u - 4 meat rations


   Skills:
 + Level 8.7 Fighting
 * Level 12.3 Short Blades
 + Level 9.7 Armour
 + Level 10.1 Dodging
 - Level 2.0 Stealth
 + Level 8.8 Spellcasting
 * Level 14.1 Necromancy
 * Level 1.2 Ice Magic


You couldn't memorise any spells.
You knew the following spells:

 Your Spells              Type           Power        Failure   Level  Hunger
a - Animate Skeleton      Necr           N/A          1%          1    None
b - Animate Dead          Necr           N/A          1%          4    ###....
c - Dispel Undead         Necr           ######..     1%          5    #####..
d - Regeneration          Chrm/Necr      ####......   1%          3    None
e - Simulacrum            Ice/Necr       ####......   52%         6    ######.
s - Vampiric Draining     Necr           ######....   1%          3    None
v - Sublimation of Blood  Necr           ######....   1%          2    None
x - Bolt of Draining      Conj/Necr      ####......   9%          5    #####..
z - Pain                  Necr           ####         1%          1    None


Dungeon Overview and Level Annotations

Branches:
Dungeon (15/15)            Temple (1/1) D:6            Lair (0/8) D:11
    Orc (0/2) D:10         Vaults (0/5) D:13
 Depths: D:15

Altars:
Ashenzari
Cheibriados
Dithmenos
Elyvilon
Fedhas
Gozag
Hepliaklqana
Kikubaaqudgha
Makhleb
Nemelex Xobeh
Okawaru
Pakellas
Qazlal
Ru
Sif Muna
Trog
Uskayaw
Vehumet
Xom
Yredelemnul
Zin
The Shining One
Beogh

Shops:
D:4 *=   D:5 =?*   D:12 *

Annotations:
D:13 exclusion: ice statue


Innate Abilities, Weirdness & Mutations

You have a beak for a mouth.
You have claws for feet.
You can fly continuously.


Message History

You destroy the phantasmal warrior!
You are near starving!
The death knight hits you with an enchanted battleaxe!
You take 11 damage, and have 47/84 hp.
You now have 4/27 mp.
You hit the death knight but do no damage.
The death knight writhes in agony.
Your kick misses the death knight.
The death knight is almost dead.
The death knight is no longer unusually agile.
You hit the death knight.
The death knight writhes in agony.
You peck the death knight, but do no damage.
The death knight is almost dead.
The death knight barely misses you.
The phantasmal warrior hits you but does no damage.
You hit the death knight but do no damage.
The death knight writhes in agony.
The death knight is almost dead.
The phantasmal warrior hits you!!
The death knight hits you with an enchanted battleaxe!!
You die...
Kikubaaqudgha rasps: "You have failed me!
Welcome... death!"

#..........####........
#.#.#.#.#..##..........
####......................
#.........................
#.........##########.%##'#
#.........# #..#...
#.........# #..#...
#.........# #..#...
#........@# #..#...
#.......Wp######+#+#..#...
#########...W..§......####
############...... #......
#######


You could see a death knight and a phantasmal warrior.

Vanquished Creatures
  Gastronok (D:10)
  Nessos (D:13)
  3 vault guards
  3 centaur warriors
  A hydra (D:12)
  A death knight (D:14)
  A skeletal warrior (D:15)
  2 unseen horrors (D:14)
  2 phantasmal warriors (D:15)
  3 wizards
  An orc knight (D:15)
  2 necromancers (D:13)
  6 hill giants
  12 ugly things
  2 griffons (D:13)
  4 cyclopes
  2 manticores
  A guardian serpent (shapeshifter) (D:15)
  2 gargoyles
  A freezing wraith (D:15)
  2 two-headed ogres
  5 polar bears
  A raiju (shapeshifter) (D:12)
  17 slime creatures
  A shadow (D:11)
  3 wraiths
  3 wyverns
  A water elemental (D:15)
  A vampire (D:13)
  13 humans (D:13)
  9 yaks
  A basilisk (D:15)
  6 hippogriffs
  6 vampire mosquitoes
  A mottled dragon (D:14)
  A soldier ant (D:13)
  A swamp worm (shapeshifter) (D:12)
  2 water moccasins
  3 wasps
  7 ice beasts
  10 orc warriors
  An eye of draining (D:10)
  A necrophage (D:7)
  3 phantoms
  12 ogres
  9 centaurs
  A big kobold (D:10)
  8 giant frogs
  2 gnoll sergeants
  8 scorpions
  10 killer bees (D:7)
  A water moccasin skeleton (D:7)
  8 wights
  3 howler monkeys
  4 crimson imps
  A giant frog zombie (D:10)
  A quasit (D:10)
  2 centaur zombies
  6 hounds
  4 giant frog skeletons
  A gnoll shaman (D:5)
  A jelly (D:8)
  12 orc priests
  9 orc wizards
  4 centaur skeletons
  Ijyb (D:3)
  2 iguanas
  A worker ant (shapeshifter) (D:13)
  10 worker ants
  2 sheep (D:14)
  2 hound skeletons
  2 worker ant zombies (D:6)
  17 adders
  13 gnolls
  A shadow imp (D:6)
  A white imp (D:13)
  An adder skeleton (D:5)
  2 worms
  2 dart slugs
  13 giant geckos
  53 orcs
  5 ball pythons
  2 bat zombies (D:8)
  10 giant cockroaches
  17 goblins
  8 hobgoblins
  12 jackals
  12 kobolds
  6 quokkas
  7 bats
  9 giant newts
  10 rats
  2 rat zombies (D:8)
480 creatures vanquished.

Vanquished Creatures (collateral kills)
  A hill giant (D:10)
  2 cyclopes
  2 gargoyles
  5 humans (D:13)
  A hippogriff (D:14)
  A basilisk (D:15)
  A hungry ghost (D:11)
  A vampire mosquito (D:12)
  3 ice beasts
  An orc warrior (D:7)
  A centaur (D:14)
  A giant frog (D:10)
  9 wights
  A killer bee (D:7)
  A lava snake (D:14)
  2 crimson imps
  A giant frog zombie (D:13)
  3 orc wizards
  A gnoll (D:10)
  An adder (D:2)
  An ooze (D:2)
  A worm (D:10)
  8 orcs
  2 giant cockroaches (Sewer)
  A goblin (D:4)
  A jackal (D:4)
  A quokka (D:7)
54 creatures vanquished.

Vanquished Creatures (others)
  3 withered plants (D:15)
3 creatures vanquished.

Grand Total: 537 creatures vanquished

Notes
Turn   | Place    | Note
--------------------------------------------------------------
     0 | D:1      | namelastname112 the Tengu Necromancer began the quest for the Orb.
     0 | D:1      | Reached XP level 1. HP: 10/10 MP: 4/4
     2 | D:1      | Learned a level 1 spell: Animate Skeleton
    37 | D:1      | epen: поясни вообще
    48 | D:1      | epen: нахуй некро нужен
    55 | D:1      | epen: если есть ёрик?
   328 | D:1      | namelastname112: лол блять
   328 | D:1      | namelastname112: нихуя себе вопросы
   351 | D:1      | epen: ну он же тем же занимается
   353 | D:1      | epen: не?
   353 | D:1      | epen: андедов поднимает
   353 | D:1      | namelastname112: ну почти
   572 | D:1      | Reached XP level 2. HP: 12/16 MP: 1/6
   731 | D:1      | epen: бля
   740 | D:1      | epen: на улице гроза
  1047 | D:1      | Reached skill level 1 in Armour
  1048 | D:1      | epen: а за интернеты платить надо
  1173 | D:1      | Reached XP level 3. HP: 16/20 MP: 4/7
  1178 | D:1      | Learned a level 3 spell: Vampiric Draining
  1178 | D:1      | namelastname112: ну
  1178 | D:1      | namelastname112: пережди
  1178 | D:1      | namelastname112: и заплатишь
  1201 | D:1      | epen: кстати
  1269 | D:1      | epen: поясни мне
  1337 | D:1      | epen: как мне спелы поставить на нужную комбинацию кнопок?
  1495 | D:1      | namelastname112: ну
  1495 | D:1      | namelastname112: нажимаешь =
  1495 | D:1      | crauler: теневой забег
  1495 | D:1      | namelastname112: и он тебе говорит вон
  1495 | D:1      | namelastname112: выбираешь спеллы
  1495 | D:1      | namelastname112: и ставишь на нужную букву
  1518 | D:1      | epen: https://www.youtube.com/watch?v=Ptg2bhLcoRY
  1816 | D:2      | Found a white marble altar of Elyvilon.
  2123 | D:2      | Reached XP level 4. HP: 12/24 MP: 0/8
  2347 | D:2      | crauler: https://www.youtube.com/watch?v=hzPpWInAiOg
  2402 | D:2      | Reached skill level 5 in Necromancy
  2562 | D:2      | epen: лел
  2565 | D:2      | epen: ну лови
  2566 | D:2      | epen: https://youtu.be/hDqu49IBnmA
  2606 | D:2      | namelastname112: сука
  2639 | D:2      | Found a stormy altar of Qazlal.
  2668 | D:2      | Found a sacrificial altar of Ru.
  2670 | D:2      | Found a glowing golden altar of the Shining One.
  2929 | D:2      | Learned a level 3 spell: Regeneration
  3101 | D:3      | Reached skill level 1 in Fighting
  3174 | D:3      | Found a glowing drain.
  3209 | Sewer    | Entered a sewer
  3221 | Sewer    | Gained mutation: You can fly. [Tengu growth]
  3221 | Sewer    | Reached XP level 5. HP: 7/29 MP: 2/10
  3810 | Sewer    | epen: гозаг кому больше всего подходит?
  3817 | Sewer    | namelastname112: спригган
  3817 | Sewer    | namelastname112: мумия
  3818 | Sewer    | epen: не
  3824 | Sewer    | epen: я про бэкграунд
  3963 | Sewer    | Reached XP level 6. HP: 19/35 MP: 1/11
  3964 | Sewer    | namelastname112: да кому угодно
  3964 | Sewer    | namelastname112: кроме магов
  4079 | D:3      | You fall through a shaft for 3 floors!
  4080 | D:6      | epen: ууууу
  4087 | D:6      | epen: норм так
  4214 | D:6      | Found a staircase to the Ecumenical Temple.
  4237 | Temple   | Entered the Ecumenical Temple
  4322 | D:5      | Entered Level 5 of the Dungeon
  4322 | D:5      | Found a basalt altar of Yredelemnul.
  4323 | D:5      | Found Ommued's General Store.
  4332 | D:5      | Bought a scroll of magic mapping for 35 gold pieces
  4486 | D:4      | Wingboner: Петух-некрофил в треде! Все из склепа!
  4765 | D:4      | Reached skill level 6 in Necromancy
  4771 | D:4      | Reached XP level 7. HP: 13/40 MP: 2/13
  4860 | D:4      | epen: бля
  4942 | D:4      | epen: вот как орк присты могут смайтить по три раза подряд?
  5073 | D:4      | Wingboner: Легко.
  5073 | D:4      | namelastname112: ну
  5073 | D:4      | namelastname112: вот так
  5090 | D:4      | Found Xydin's General Store.
  5099 | D:4      | epen: смайт же пити дохуя жрёт
  5099 | D:4      | Bought a scroll of fear for 38 gold pieces
  5099 | D:4      | Bought a scroll of teleportation for 33 gold pieces
  5099 | D:4      | epen: или у мобов нет пити?
  5190 | D:4      | Wingboner: Конечно нет.
  5202 | D:4      | epen: пиздец
  5203 | D:4      | Wingboner: И маны тоже нет.
  5358 | D:4      | epen: есть же
  5374 | D:4      | epen: иначе нахуй тогда антимэджик
  5374 | D:4      | namelastname112: нет
  5374 | D:4      | namelastname112: ебанутый
  5374 | D:4      | epen: бля
  5374 | D:4      | namelastname112: он не так работает
  5386 | D:4      | epen: как?
  5388 | D:4      | namelastname112: он им шанс на мискаст вешает
  5398 | D:4      | Found a blossoming altar of Fedhas.
  5536 | D:4      | Found Gecvu's Jewellery Boutique.
  5864 | D:3      | Noticed Ijyb
  5885 | D:3      | Killed Ijyb
  5958 | D:3      | epen: из уников можно делать андедов?
  6027 | D:3      | namelastname112: конечно
  6050 | D:3      | epen: то есть
  6057 | D:3      | Wingboner: Если труп остаётся, то да.
  6065 | D:3      | epen: можно сделать андед лома?
  6178 | D:3      | namelastname112: нет
  6178 | D:3      | namelastname112: у него нет трупа
  6178 | D:3      | namelastname112: можно только с иредом
  6178 | D:3      | Wingboner: Обычным способом нет, т.к. нет трупа. А вот Юрой можно.
  6178 | D:3      | namelastname112: но ты заебешься
  6509 | D:5      | Found Piyps's Jewellery Shop.
  6515 | D:5      | Found Cagifad's Magic Scroll Shoppe.
  6524 | D:5      | Reached XP level 8. HP: 26/46 MP: 5/15
  6745 | D:5      | Reached skill level 1 in Short Blades
  6745 | D:5      | Reached skill level 7 in Necromancy
  6805 | D:5      | Wingboner: Вообще как пет из панд-лордов лучше всего, пожалуй, Мнолег. Если он не теряет способность самонить.
  6816 | D:5      | namelastname112: у него еще и колл оф хаос вдобавок
  6816 | D:5      | namelastname112: и рандом болт
  6885 | D:5      | crauler: Какой поехавший уже делал экстенд с юрой?
  6898 | D:5      | crauler: ну с новым энслейвом
  6985 | D:5      | Wingboner: Хотяяя. Серафим!
  7145 | D:6      | crauler: еще бы он тебя лечил
  7145 | D:6      | namelastname112: лол
  7145 | D:6      | namelastname112: https://www.youtube.com/watch?v=R6vNqh_hgtw
  7309 | D:6      | Noticed a yak
  7311 | D:6      | Noticed a yak
  7312 | D:6      | Noticed a yak
  7312 | D:6      | Noticed a yak
  7312 | D:6      | Noticed a yak
  7320 | D:6      | namelastname112: яки на д6
  7320 | D:6      | namelastname112: найс
  7332 | D:6      | Killed a yak
  7332 | D:6      | Reached skill level 5 in Dodging
  7352 | D:6      | epen: дес найт на д9
  7426 | D:5      | Wingboner: Что это за ересь?
  7430 | D:5      | Killed a yak
  7430 | D:5      | Reached XP level 9. HP: 39/52 MP: 3/17
  7541 | D:6      | Wingboner: Так их же понерфили и сунули в дэ.
  7541 | D:6      | Reached skill level 8 in Necromancy
  7570 | D:5      | namelastname112: ага
  7570 | D:5      | namelastname112: понерфили
  7570 | D:5      | namelastname112: хуй там плавал
  7570 | D:5      | namelastname112: сегодня в д его видел
  7750 | D:6      | Wingboner: Как минимум призраков точно отобрали.
  7936 | D:6      | Wingboner: Почему ты полёт не включаешь?
  8041 | D:6      | namelastname112: забываю
  8222 | D:6      | Wingboner: +EV занедорого и скорость.
  8236 | D:6      | Reached skill level 5 in Spellcasting
  8299 | D:7      | Wingboner: Эй.
  8324 | D:7      | Wingboner: А в храм?
  8333 | D:7      | jacquesderrida: Menlustmen69
  8333 | D:7      | namelastname112: я там был
  8361 | D:7      | Found a snail-covered altar of Cheibriados.
  8363 | D:7      | Found an iron altar of Okawaru.
  8434 | D:7      | jacquesderrida: re animatar
  8445 | D:7      | Wingboner: Не нашлось подходящего бати?
  8461 | D:7      | Got a brightly glowing whip
  8462 | D:7      | Identified the +8 whip "Viosi" {venom, rC+ MP+9 Str+3} (You found it on level 7 of the Dungeon)
  8463 | D:7      | namelastname112: неа
  8488 | D:7      | Reached skill level 5 in Armour
  8515 | D:7      | Reached skill level 5 in Short Blades
  8749 | D:7      | Learned a level 4 spell: Animate Dead
  8906 | D:7      | jacquesderrida: !hs * dssk
  8974 | D:7      | jacquesderrida: ejjjjjj ty
  8985 | D:7      | Reached skill level 9 in Necromancy
  8985 | D:7      | Reached XP level 10. HP: 46/57 MP: 19/19
  9336 | D:7      | jacquesderrida: https://pp.vk.me/c636229/v636229213/caa5/y-9AKfS7R24.jpg
  9484 | D:7      | Reached skill level 5 in Fighting
  9629 | D:8      | jacquesderrida: NU CHE DED
  9763 | D:8      | namelastname112: втф
  9763 | D:8      | jacquesderrida: ebay
  9763 | D:8      | jacquesderrida: ebat
  9763 | D:8      | namelastname112: чет не очень тайл
 10019 | D:8      | jacquesderrida: Лучше прежней каши из гноя и говна
 10062 | D:8      | Found an ancient bone altar of Kikubaaqudgha.
 10068 | D:8      | jacquesderrida: ебат
 10071 | D:8      | Became a worshipper of Kikubaaqudgha
 10975 | D:9      | Found a hazy altar of Hepliaklqana.
 11087 | D:9      | jacquesderrida: нашшшшшшшшшшшшшшшшшшшшшшш
 11299 | D:9      | crauler: яков?
 11531 | D:9      | jacquesderrida: ДЬЯКОН!
 11663 | D:9      | crauler: блядь я как всегда все проебал
 11749 | D:9      | crauler: кого понерфили?чей тайл?
 11768 | D:9      | crauler: сука
 11796 | D:9      | namelastname112: лол
 11803 | D:10     | Entered Level 10 of the Dungeon
 11814 | D:10     | Reached skill level 10 in Necromancy
 11847 | D:10     | Noticed Gastronok
 11848 | D:10     | Noticed a brown ugly thing
 11858 | D:9      | jacquesderrida: КРЫМ НАШ КЛАУРИН!!!!!!!!!!!!
 11911 | D:9      | Reached * piety under Kikubaaqudgha
 11911 | D:9      | Received a gift from Kikubaaqudgha
 11914 | D:9      | Identified Kikubaaqudgha's Incunabulum of Black Rites (Kikubaaqudgha gifted it to you on level 9 of the Dungeon)
 11915 | D:9      | jacquesderrida: УРРРРРРА
 11918 | D:9      | Learned a level 2 spell: Sublimation of Blood
 12098 | D:10     | Killed a brown ugly thing
 12161 | D:10     | Reached XP level 11. HP: 35/63 MP: 12/21
 12281 | D:10     | Killed Gastronok
 12329 | D:10     | jacquesderrida: Рохля дроченый, опять шапку перепутал
 12369 | D:10     | Found a bloodstained altar of Trog.
 12380 | D:10     | Found a staircase to the Orcish Mines.
 12382 | D:10     | namelastname112: лучше чем +0
 12412 | D:10     | jacquesderrida: hool ne letaesh
 12451 | D:10     | jacquesderrida: 3 IVEIZHENA DAET...
 12692 | D:10     | crauler: хули не летаешь
 12718 | D:10     | crauler: ходы экономь!
 12727 | D:10     | namelastname112: бля
 12727 | D:10     | namelastname112: вы заебали
 12803 | D:10     | Noticed a hill giant
 12812 | D:10     | Killed a hill giant
 12878 | D:10     | Reached skill level 11 in Necromancy
 12959 | D:10     | Noticed a hill giant
 12973 | D:10     | Reached ** piety under Kikubaaqudgha
 12975 | D:10     | Killed a hill giant
 13026 | D:10     | Found a roughly hewn altar of Beogh.
 13255 | D:10     | crauler: а стоп
 13255 | D:10     | crauler: у тебя еще не перма?
 13255 | D:10     | namelastname112: ммм
 13255 | D:10     | namelastname112: книга смерти
 13255 | D:10     | namelastname112: нет еще
 13255 | D:10     | namelastname112: на 13 лвле вроде
 13261 | D:10     | Learned a level 5 spell: Dispel Undead
 13289 | D:11     | Found a staircase to the Lair.
 13468 | D:11     | Noticed a cyclops
 14078 | D:11     | Killed a cyclops
 14390 | D:12     | Noticed a white ugly thing
 14400 | D:12     | Killed a white ugly thing
 14464 | D:12     | Noticed a hill giant
 14473 | D:12     | Killed a hill giant
 14473 | D:12     | Reached XP level 12. HP: 35/70 MP: 18/23
 14737 | D:12     | Noticed a four-headed hydra
 14751 | D:12     | Killed a four-headed hydra
 14933 | D:12     | jacquesderrida: 15!!!
 14942 | D:12     | jacquesderrida: ILI 14
 14956 | D:12     | Found Lolifax's Assorted Antiques.
 15010 | D:11     | Learned a level 5 spell: Bolt of Draining
 15059 | D:12     | Reached skill level 12 in Necromancy
 15077 | D:12     | Noticed a centaur warrior
 15080 | D:12     | Reached *** piety under Kikubaaqudgha
 15080 | D:12     | Received a gift from Kikubaaqudgha
 15081 | D:12     | Identified Kikubaaqudgha's Volume of Black Magic (Kikubaaqudgha gifted it to you on level 12 of the Dungeon)
 15101 | D:12     | Killed a centaur warrior
 15459 | D:12     | namelastname112: во
 15459 | D:12     | namelastname112: симулякра
 15459 | D:12     | namelastname112: жаль без дчана
 15762 | D:13     | Noticed a centaur warrior
 15776 | D:13     | Killed a centaur warrior
 15804 | D:13     | namelastname112: ооооо
 15804 | D:13     | namelastname112: можно с пола читать
 15804 | D:13     | namelastname112: вот это охуеть
 15809 | D:13     | Wingboner: М-а-максимум КранМыш.
 15881 | D:13     | Reached skill level 10 in Short Blades
 16281 | D:13     | jacquesderrida: Da
 16342 | D:13     | Noticed Nessos
 16386 | D:13     | jacquesderrida: симулякров ослабили
 16392 | D:13     | jacquesderrida: Теперь 3 хода длятся...
 16396 | D:13     | Killed Nessos
 16396 | D:13     | Reached XP level 13. HP: 39/75 MP: 2/25
 16548 | D:13     | namelastname112: да прям три
 16647 | D:13     | Noticed a vault guard
 16658 | D:13     | Killed a vault guard
 16716 | D:13     | Noticed a vault guard
 16737 | D:13     | Killed a vault guard
 16737 | D:13     | Reached skill level 13 in Necromancy
 16742 | D:13     | Reached **** piety under Kikubaaqudgha
 16781 | D:13     | Noticed a vault guard
 16817 | D:13     | jacquesderrida: Да...
 16886 | D:13     | jacquesderrida: чет виебли
 16889 | D:13     | Wingboner: 10/10
 16889 | D:13     | jacquesderrida: ебаттттттттттт
 16889 | D:13     | namelastname112: найс теле блять
 16889 | D:13     | jacquesderrida: виебли/10
 16890 | D:13     | Wingboner: Ещё и орк-прист рядом.
 16892 | D:13     | Wingboner: Как будто тебе и так не хватает.
 16957 | D:12     | jacquesderrida: PACANY
 17043 | D:12     | jacquesderrida: BEEFY JERK
 17057 | D:12     | Killed a vault guard
 17419 | D:13     | Got a dazzling rapier {pierce}
 17421 | D:13     | Identified the +7 rapier "Koat Dug" {pierce, *Corrode +Blink rElec rC-} (You took it off a human on level 13 of the Dungeon)
 17442 | D:13     | Found a gate to the Vaults.
 17624 | D:13     | jacquesderrida: PTIC
 18061 | D:14     | namelastname112: угу блят
 18061 | D:14     | namelastname112: понерфили дез найтов
 18061 | D:14     | namelastname112: вон
 18061 | D:14     | namelastname112: стоит
 18061 | D:14     | namelastname112: петушина
 18091 | D:14     | Wingboner: Я о том, что абилки им понерфили прежде чем в дэ совать.
 18106 | D:14     | Wingboner: Призраков отобрали.
 18157 | D:14     | jacquesderrida: https://vk.com/nashispb
 18172 | D:14     | jacquesderrida: Ебать там движ намечается
 18189 | D:14     | jacquesderrida: Надо пойти поугарать над говнариками...
 18804 | D:14     | Reached ***** piety under Kikubaaqudgha
 18909 | D:15     | Entered Level 15 of the Dungeon
 18929 | D:15     | Gained mutation: You can fly continuously. [Tengu growth]
 18929 | D:15     | Reached XP level 14. HP: 13/84 MP: 14/27
 19239 | D:15     | Reached skill level 10 in Dodging
 19398 | D:15     | Found a labyrinth entrance.
 19405 | D:15     | xeno23: инвалидокомба
 19405 | D:15     | xeno23: ммм
 19405 | D:15     | namelastname112: вот это говно блять
 19405 | D:15     | namelastname112: два шага не хватило
 19405 | D:15     | namelastname112: АБИДНА
 19410 | D:15     | jacquesderrida: сука ебаная блядь
 19422 | D:15     | Reached skill level 14 in Necromancy
 19600 | D:15     | Got a scorched ring mail
 19693 | D:15     | Identified the +3 ring mail of the Pits of Slime {Str-2 Dex+2 Slay+2 Stlth+} (You found it on level 15 of the Dungeon)
 19805 | D:15     | Learned a level 6 spell: Simulacrum
 19897 | D:15     | Reached skill level 1 in Ice Magic
 19969 | D:15     | jacquesderrida: Ебать, сколько там бухгалтеров в комментариях клянчат спутников и компаньонов
 19982 | D:15     | jacquesderrida: Охуенно
 19994 | D:15     | jacquesderrida: Хайп
 20018 | D:15     | namelastname112: каких призраков у них отобрали
 20074 | D:15     | Slain by a death knight

Vault maps used:
D:1:      dpeg_cavernosity, serial_bayou_pond_e, st_stairs_4, feat_on_display
D:2:      minitemple, elyvilon_altar_4, nicolae_qazlal_general_emergency
D:3:      kennysheep_the_goblin_king, portal_sewer_entry_a, first_bread
D:4:      serial_shops, shop, shop, fedhas_altar_fruit_tree
D:5:      yredelemnul_altar_generic, serial_shops, shop, kennysheep_mini, shop,
          chequers_ossuary_entry_cave
D:6:      temple_green, serial_glass, glass_columns_a, glass_columns_c,
          glass_columns_a, glass_columns_a
D:7:      nicolae_overflow_hidden_temple
D:8:      lemuel_zombie_altar_kikubaaqudgha, minmay_splitting_lines
D:9:      lemuel_crystal_altar
D:10:     minmay_orc_entry_temple_small, hangedman_pestilent_swarm,
          trog_ov_bears_minmay, uniq_gastronok
D:11:     lair_0_dummy
D:12:     minmay_stepped, serial_shops, shop_fountains
D:13:     grunt_vaults_entry_tiered, ice2_lemuel, uniq_nessos
D:14:     kennysheep_decorative_pillar
D:15:     gammafunk_depths_entry_grave, serial_glass, glass_columns_c,
          glass_columns_a, feat_on_display, feat_on_display, item_on_display_a,
          lab_entry_generic, minivault_14, minmay_curled_crystal
Temple:   circular_temple_pool_12
Sewer:    sewer_frog_island_01

Skill      XL: |  1  2  3  4  5  6  7  8  9 10 11 12 13 14 |
---------------+-------------------------------------------+-----
Armour         | 1 2 3 4 5 6 7 8 9 |  9.7
Necromancy     | 5 6 7 9 10 11 12 13 14 | 14.1
Dodging        | 3 4 5 6 7 9 10 | 10.1
Fighting       | 1 2 3 4 5 6 7 8 |  8.7
Spellcasting   | 3 4 5 6 7 8 |  8.8
Short Blades   | 3 5 7 9 10 11 12 | 12.3
Ice Magic      | 1 |  1.2
Stealth        | |  2.0

Action                   |  1- 3 |  4- 6 |  7- 9 | 10-12 | 13-15 || total
-------------------------+-------+-------+-------+-------+-------++-------
Melee: Dagger            |     3 |    73 |       |       |       ||    76
       Kick              |     2 |    16 |    85 |   193 |   199 ||   495
       Peck              |       |    16 |    69 |   121 |   123 ||   329
       Unarmed           |       |     4 |       |       |       ||     4
       Flail             |       |       |   293 |       |       ||   293
       Whip              |       |       |    36 |   556 |   180 ||   772
       Falchion          |       |       |       |       |   364 ||   364
 Cast: Pain              |    66 |    57 |   112 |    99 |       ||   334
       Animate Skeleton  |     9 |    23 |    26 |    30 |    12 ||   100
       Vampiric Draining |       |    16 |    35 |    78 |    54 ||   183
       Regeneration      |       |     1 |     1 |    19 |    14 ||    35
       Animate Dead      |       |       |     2 |    22 |    12 ||    36
       Dispel Undead     |       |       |       |     8 |    23 ||    31
       Bolt of Draining  |       |       |       |    22 |    21 ||    43
       Sublimation of Bl |       |       |       |     3 |       ||     3
Invok: Receive Corpses   |       |       |       |       |     1 ||     1
 Abil: Fly               |       |       |       |     3 |     3 ||     6
Evoke: Wand              |       |       |       |     8 |     3 ||    11
  Use: Potion            |       |     2 |       |       |     6 ||     8
       Scroll            |       |     1 |     7 |     9 |     8 ||    25
 Stab: Sleeping          |       |       |     1 |       |     1 ||     2
       Distracted        |       |       |       |     3 |     8 ||    11
  Eat: Chunk             |     5 |    10 |    17 |    30 |    13 ||    75
       Beef jerky        |       |       |     1 |     1 |     3 ||     5
       Royal jelly       |       |       |       |     2 |     2 ||     4
       Pizza             |       |       |       |     2 |     1 ||     3
       Fruit             |       |       |       |     1 |       ||     1
       Meat ration       |       |       |       |       |     1 ||     1
Armor: Robe              |     3 |    12 |   174 |    78 |       ||   267
       Skin              |       |    29 |       |       |    22 ||    51
       Troll leather arm |       |       |       |   127 |   178 ||   305
Dodge: Dodged            |    14 |    91 |   402 |   590 |   513 ||  1610
Block: Other             |       |       |       |       |    43 ||    43
       Reflection        |       |       |       |       |     3 ||     3
